Map: Hecate LE

Players

Toast - Winner!

  • Race: Protoss Protoss
  • Spawn Location: 7:00

A.I. 2 (Hard)

  • Race: Terran Terran
  • Spawn Location: 1:00

VOD

Have the link to the VOD?

Description

Time

  • Played on: Oct. 14, 2023, 9:43 p.m.
  • Length: 18:22
Show
View Real Time Build Order
Export as new Build Order

Toast Protoss - Winner!

Build Orders:  

Get SALT Encoding   

  12  0:00  Probe (Chrono Boost)  
  13  0:10  Probe (Chrono Boost)  
  14  0:22  Pylon  
  14  0:28  Probe  
  15  0:41  Probe  
  16  0:43  Gateway  
  16  0:53  Probe  
  17  1:05  Probe  
  17  1:07  Assimilator  
  18  1:22  Probe  
  19  1:31  Cybernetics Core  
  19  1:34  Probe  
  20  2:07  Nexus  
  20  2:14  Assimilator  
  20  2:17  Warp Gate  
  20  2:18  Stalker  
  20  2:20  Probe  
  23  2:36  Pylon  
  23  2:54  Probe  
  23  2:57  Shield Battery  
  24  2:58  Sentry  
  26  3:06  Probe  
  26  3:10  Gateway  
  26  3:11  Gateway  
  27  3:21  Probe  
  27  3:24  Probe  
  27  3:27  Stalker  
  31  3:33  Probe  
  32  3:36  Probe  
  33  3:49  Robotics Facility  
  33  4:18  Probe (Chrono Boost)  
  33  4:20  Probe (Chrono Boost)  
  35  4:30  Probe (Chrono Boost)  
  35  4:31  Probe (Chrono Boost)  
  37  4:35  Probe (Chrono Boost)  
  37  4:37  Probe  
  38  4:41  Nexus  
  38  4:45  Probe  
  40  4:49  Probe  
  41  4:59  Observer  
  42  5:00  Stalker x2  
  46  5:29  Pylon  
  46  5:31  Assimilator  
  46  5:34  Assimilator  
  46  5:47  Probe x2  
  46  5:48  Sentry  
  50  5:50  Stalker x2  
  54  5:59  Probe x2  
  54  6:03  Gateway  
  56  6:05  Pylon  
  56  6:06  Immortal  
  56  6:09  Pylon  
  60  6:12  Gateway  
  60  6:14  Probe  
  61  6:21  Probe (Chrono Boost)  
  63  6:27  Probe (Chrono Boost)  
  63  6:28  Probe (Chrono Boost)  
  65  6:37  Probe x2 (Chrono Boost)  
  65  6:39  Pylon, Probe (Chrono Boost)  
  67  6:41  Probe (Chrono Boost)  
  67  6:43  Zealot  
  67  6:44  Zealot x2, Probe  
  75  6:48  Probe  
  75  6:52  Gateway  
  76  7:01  Forge  
  76  7:03  Forge  
  76  7:05  Probe  
  76  7:17  Probe  
  69  7:25  Zealot  
  69  7:26  Zealot x4  
  71  7:36  Probe  
  72  7:45  Protoss Ground Armor Level 1  
  72  7:48  Probe  
  72  7:51  Protoss Ground Weapons Level 1  
  73  8:01  Probe  
  74  8:13  Probe  
  75  8:25  Probe  
  76  8:37  Probe  
  77  8:43  Zealot x6  
  89  8:49  Nexus  
  89  9:05  Robotics Bay  
  89  9:08  Probe  
  90  9:12  Probe  
  91  9:20  Probe  
  91  9:21  Pylon  
  92  9:24  Probe, Pylon  
  92  9:27  Pylon  
  92  9:30  Assimilator  
  93  9:40  Probe x2  
  95  9:59  Colossus  
  101  10:10  Extended Thermal Lance  
  101  10:12  Robotics Facility  
  101  10:26  Zealot x4  
  101  10:27  Zealot x2  
  113  10:30  Probe  
  113  10:31  Probe x2  
  113  10:32  Probe  
  117  10:42  Probe  
  118  10:43  Protoss Shields Level 1, Probe x2  
  118  10:44  Probe  
  121  10:51  Twilight Council  
  121  10:54  Probe  
  122  11:01  Probe x3  
  125  11:06  Probe  
  125  11:10  Stalker x3  
  132  11:15  Probe x2  
  132  11:16  Probe  
  125  11:18  Probe  
  125  11:23  Stalker x3  
  108  11:47  Sentry x2  
  108  11:49  Sentry  
  108  11:51  Stalker x3  
  124  11:54  Colossus  
  124  11:57  Charge  
  126  12:02  Colossus  
  132  12:16  Assimilator  
  131  12:32  Pylon  
  131  12:35  Pylon  
  131  12:36  Pylon  
  131  12:37  Pylon  
  131  12:39  Pylon  
  131  12:41  Pylon  
  131  12:50  Colossus  
  137  12:56  Colossus  
  143  13:07  Zealot  
  143  13:08  Zealot x5  
  143  13:12  Pylon  
  155  13:31  Gateway  
  155  13:33  Gateway  
  155  13:38  Zealot  
  155  13:39  Zealot  
  159  13:41  Zealot x4  
  179  14:11  Gateway  
  179  14:13  Gateway  
  179  14:15  Gateway  
  179  14:16  Protoss Ground Armor Level 2  
  167  14:17  Protoss Ground Weapons Level 2  
  167  14:20  Immortal  
  167  14:21  Immortal  
  175  14:33  Zealot x3  
  175  14:34  Zealot x3  
  187  14:46  Pylon  
  187  14:48  Pylon  
  187  15:00  Probe  
  187  15:04  Nexus, Immortal, Probe x3  
  187  15:06  Immortal  
  183  15:42  Blink  
  183  15:50  Zealot x3  
  183  15:51  Zealot x2  
  183  15:53  Zealot x3  
  173  17:25  Zealot x8  
  173  17:26  Zealot x3  
Show
View Real Time Build Order
Export as new Build Order

A.I. 2 (Hard) Terran 

Build Orders:  

Get SALT Encoding   

  12  0:00  SCV  
  13  0:13  SCV  
  14  0:18  Supply Depot  
  14  0:25  SCV  
  15  0:40  SCV  
  16  0:44  Barracks  
  16  0:48  Refinery  
  16  0:52  SCV  
  17  1:04  SCV  
  18  1:16  SCV  
  19  1:20  Supply Depot  
  19  1:28  SCV  
  19  1:31  Marine  
  21  1:40  Orbital Command, Barracks  
  21  1:47  Refinery  
  21  1:50  Barracks Tech Lab  
  21  2:04  Factory  
  21  2:08  Marine  
  22  2:16  Supply Depot  
  22  2:26  Marine  
  23  2:38  Marine  
  24  2:48  Marine  
  24  2:50  Supply Depot  
  25  2:59  Marine  
  26  3:10  Marauder  
  28  3:21  Hellion, Supply Depot  
  30  3:31  SCV  
  30  3:32  Marauder  
  33  3:43  Hellion, SCV  
  33  3:44  Engineering Bay  
  36  3:55  SCV  
  37  4:04  Hellion  
  37  4:07  SCV  
  40  4:11  Supply Depot  
  40  4:20  SCV  
  41  4:25  Hellion  
  43  4:32  SCV  
  44  4:47  Hellion  
  46  5:08  Hellion  
  48  5:30  Hellion  
  50  6:37  Stimpack, Barracks Tech Lab  
  50  6:38  Terran Infantry Weapons Level 1, Marauder  
  50  6:39  Factory Tech Lab, Factory  
  52  6:42  Starport  
  52  6:47  Command Center, Starport  
  52  6:50  Supply Depot  
  52  6:51  Missile Turret  
  52  6:52  Missile Turret  
  52  6:54  Combat Shield  
  52  6:56  Barracks  
  52  6:59  Marauder  
  52  7:00  Sensor Tower  
  52  7:01  Marauder  
  56  7:13  Bunker  
  56  7:14  Ghost Academy  
  56  7:15  Supply Depot  
  56  7:19  Starport Tech Lab  
  56  7:20  Marine  
  56  7:22  Marine  
  54  7:23  Factory Tech Lab  
  54  7:25  Starport Tech Lab  
  34  7:38  Marine  
  34  7:40  Marine  
  34  7:41  Raven  
  38  7:46  Marine  
  39  7:56  Marauder  
  39  7:57  Raven  
  43  8:01  Marauder  
  43  8:03  SCV  
  43  8:05  SCV  
  47  8:08  Marine  
  47  8:09  Refinery  
  48  8:13  Concussive Shells  
  48  8:15  SCV  
  48  8:17  SCV, Marine  
  50  8:22  Marine  
  51  8:27  Missile Turret  
  51  8:28  SCV  
  51  8:29  SCV  
  51  8:30  Marine  
  51  8:32  Terran Infantry Armor Level 1  
  54  8:37  Marauder  
  54  8:38  Missile Turret  
  54  8:40  SCV  
  57  8:41  SCV  
  57  8:44  Ghost  
  60  8:51  Marine  
  60  8:52  SCV  
  60  8:53  Armory, SCV  
  63  8:58  Marine  
  64  9:04  SCV  
  64  9:06  Bunker, SCV  
  66  9:10  Barracks Reactor  
  66  9:12  Marine  
  66  9:16  SCV  
  68  9:18  SCV  
  69  9:28  SCV  
  69  9:30  SCV  
  71  10:03  Refinery  
  71  10:25  SCV  
  72  10:54  Siege Tank, Medivac x2  
  72  10:55  Supply Depot  
  79  11:00  Siege Tank  
  79  11:04  Command Center  
  82  11:09  Terran Infantry Weapons Level 2  
  81  11:18  Engineering Bay  
  81  11:21  Supply Depot  
  81  11:24  Raven, Medivac  
  81  11:26  Hellion  
  81  11:32  Siege Tank  
  67  11:33  Marine  
  67  11:39  Marine  
  65  11:43  Terran Infantry Armor Level 2  
  65  11:46  Marine  
  66  11:49  Terran Vehicle Weapons Level 1  
  66  11:52  Marine  
  69  11:54  Raven  
  69  11:59  Marine  
  70  12:05  Marine  
  71  12:11  Marine  
  72  12:16  SCV  
  72  12:17  Refinery  
  72  12:18  Marine, SCV  
  72  12:19  SCV  
  76  12:25  Hellion  
  76  12:28  SCV  
  79  12:30  SCV  
  79  12:31  Siege Tank  
  79  12:32  SCV  
  79  12:35  Missile Turret  
  84  12:37  Refinery  
  84  12:41  SCV  
  84  12:42  Fusion Core, SCV  
  84  12:44  Missile Turret, SCV  
  87  12:46  Siege Tank  
  87  12:48  Armory  
  90  12:53  SCV  
  90  12:55  SCV  
  90  12:56  SCV  
  93  13:03  Siege Tank  
  93  13:05  Bunker, SCV  
  97  13:07  SCV  
  97  13:08  SCV  
  99  13:17  SCV  
  99  13:18  Siege Tank  
  99  13:19  SCV  
  103  13:20  SCV  
  104  13:29  SCV  
  105  13:35  Terran Ship Weapons Level 1  
  105  13:36  Siege Tank  
  108  13:43  Terran Vehicle And Ship Armor Level 1  
  108  13:53  SCV  
  108  14:47  Marauder x2, Marine x2  
  108  14:48  Terran Infantry Armor Level 3, Terran Infantry Weapons Level 3  
  108  14:49  Supply Depot  
  114  15:05  Marine x2  
  116  15:08  Marine  
  116  15:09  Marauder  
  116  15:12  Supply Depot  
  116  15:23  Marine x2  
  116  15:26  Marine  
  94  15:29  Marine  
  94  15:33  Raven  
  86  15:38  Command Center  
  86  15:40  Marine x2  
  88  15:44  Marine  
  88  15:47  Marine  
  90  15:58  Marine x2  
  90  16:02  Marine  
  93  16:05  Marine  
  93  16:16  Marine x2  
  95  16:19  Marine  
  95  16:22  Viking  
  95  16:23  Marauder  
  92  16:26  Hellion  
  92  16:28  SCV  
  92  16:30  SCV  
  69  16:34  Marine x2  
  69  16:36  Viking  
  69  16:38  Marauder  
  72  16:40  SCV  
  72  16:42  SCV  
  72  16:43  Hellion  
  72  16:44  Ghost  
  77  16:51  Hellion, SCV  
  77  16:52  SCV, Marine x2  
  65  16:59  Marauder  
  49  17:03  SCV  
  49  17:04  SCV  
  33  17:11  Hellion  
  33  17:13  Marine  
  33  17:15  Hellion, SCV  
  29  17:16  SCV  
  20  17:27  SCV  
  20  17:29  SCV  
  16  17:31  Missile Turret  
  13  17:40  SCV  
  10  17:44  Command Center  
  6  17:52  SCV  
  6  17:53  Command Center  
  6  17:56  Missile Turret  
  7  18:10  Supply Depot  
Tags
 
Matchup
PvT
Spawn Locations
Cross Positions
Add a new tag
Caveats
  • Supply blocks, unpowered buildings, or Contaminate may cause inaccurate times.
  • Supply counts are checked every 10 seconds.